 Dungeon Crawl Stone Soup version 0.21.1-1-g345015f (webtiles) character file.

177 wojtek the Chopper (level 5, -9/46 HPs)
             Began as a Minotaur Fighter on July 23, 2018.
             Mangled by an ogre
             ... wielding a +0 giant spiked club
              (11 damage)
             ... on level 4 of the Dungeon.
             The game lasted 00:02:28 (2302 turns).

wojtek the Chopper (Minotaur Fighter)               Turns: 2302, Time: 00:02:28

Health: -9/46      AC: 10    Str: 21    XL:     5   Next: 30%
Magic:  4/4        EV:  7    Int:  5    God:
Gold:   177        SH:  9    Dex: 10    Spells: 4/4 levels left

rFire    . . .     SeeInvis .   a - +0 war axe
rCold    . . .     Gourm    .   c - +0 shield
rNeg     . . .     Faith    .   b - +0 scale mail
rPois    .         Spirit   .   (helmet restricted)
rElec    .         Reflect  .   (no cloak)
rCorr    .         Harm     .   o - +1 pair of gloves
MR       .....                  g - +0 pair of boots
Stlth    ..........             (no amulet)
HPRegen  0.15/turn              (no ring)
MPRegen  0.09/turn              (no ring)

@: no status effects
A: retaliatory headbutt, horns 2
a: no special abilities


You were on level 4 of the Dungeon.
You were not hungry.

You visited 1 branch of the dungeon, and saw 4 of its levels.

You collected 177 gold pieces.

Inventory:

Hand Weapons
 a - a +0 war axe (weapon)
Armour
 b - a +0 scale mail (worn)
 c - a +0 shield (worn)
 g - a +0 pair of boots (worn)
 o - a +1 pair of gloves (worn)
Jewellery
 l - an uncursed ring of ice {unknown}
Scrolls
 e - a scroll of teleportation
 h - a scroll of blinking {unknown}
 i - a scroll of remove curse
 k - a scroll of noise {unknown}
 m - 4 scrolls of identify {unknown}
Potions
 d - a potion of might
 j - a potion of magic {unknown}
Comestibles
 f - 4 rations
 n - 3 chunks of flesh


   Skills:
 + Level 3.7 Fighting
 * Level 6.5 Axes
 + Level 3.7 Armour
 + Level 0.3 Dodging
 + Level 3.7 Shields


You had 4 spell levels left.
You didn't know any spells.

Dungeon Overview and Level Annotations

Branches:
Dungeon (4/15)
 Temple: D:4-7

Altars:
Yredelemnul


Innate Abilities, Weirdness & Mutations

You reflexively headbutt those who attack you in melee.
You have a pair of horns on your head.


Message History

You block the ogre's attack.
You slash the ogre!
The ogre is moderately wounded.
The ogre hits you with a giant spiked club.
You completely miss the ogre.
The ogre is moderately wounded.
You block the ogre's attack.
You slash the ogre!
The ogre is severely wounded.
The ogre hits you with a giant spiked club!
You hit the ogre.
The ogre is almost dead.
The ogre hits you with a giant spiked club!!
Ouch! That really hurt!
* * * LOW HITPOINT WARNING * * *
You are too injured to fight recklessly!
You barely miss the ogre. You headbutt the ogre.
The ogre is almost dead.
The ogre hits you with a giant spiked club!
You die...

#.# #.# #.#
#######.#
#.....#.#
#.....#<#
#.....#.#
#.....#.######
+....@........+
#...O.#########
#.....#
#......#
#.###### #


You could see an ogre.

Vanquished Creatures
  The ghost of dscm the Skirmisher, a weakling HOFi (D:3)
  Robin (D:2)
  5 adders
  2 oozes (D:1)
  4 worms
  2 dart slugs
  A leopard gecko (D:1)
  8 bats
  7 giant cockroaches
  18 goblins
  4 hobgoblins
  2 jackals (D:1)
  3 quokkas
  3 frilled lizards
  7 kobolds
  8 rats
  A spectral orc (D:3)
77 creatures vanquished.

Notes
Turn   | Place    | Note
-------+----------+-------------------------------------------
     0 | D:1      | wojtek the Minotaur Fighter began the quest for the Orb.
     0 | D:1      | Reached XP level 1. HP: 19/19 MP: 0/0
    28 | D:1      | Reached skill level 3 in Axes
    28 | D:1      | Reached XP level 2. HP: 26/26 MP: 1/1
   162 | D:1      | Reached skill level 4 in Axes
   278 | D:1      | Reached XP level 3. HP: 28/31 MP: 2/2
   847 | D:2      | Noticed Robin
   858 | D:2      | Reached skill level 5 in Axes
   878 | D:2      | Killed Robin
   878 | D:2      | Reached XP level 4. HP: 6/39 MP: 3/3
  1515 | D:3      | Reached skill level 6 in Axes
  1605 | D:3      | Noticed dscm's ghost (weakling HOFi)
  1617 | D:3      | Killed dscm's ghost
  1853 | D:3      | Reached XP level 5. HP: 42/45 MP: 4/4
  1993 | D:3      | Found a basalt altar of Yredelemnul.
  2294 | D:4      | Noticed an ogre
  2301 | D:4      | HP: 2/46 [ogre/giant spiked club (23)]
  2302 | D:4      | Mangled by an ogre

Skill      XL: |  1  2  3  4 |
---------------+-------------+-----
Axes           | 3 4 5 6 |  6.5
Fighting       | |  3.7
Armour         | |  3.7
Dodging        | |  0.3
Shields        | |  3.7

Action                   |  1- 3 |  4- 6 || total
-------------------------+-------+-------++-------
Melee: War axe           |    77 |    77 ||   154
       Headbutt          |    13 |    14 ||    27
  Use: Scroll            |       |     2 ||     2
  Eat: Chunk             |       |     5 ||     5
Armor: Scale mail        |    24 |    20 ||    44
Dodge: Dodged            |    25 |    30 ||    55
Block: Shield            |    45 |    35 ||    80
